 Dungeon Crawl Stone Soup version 0.32-a0-931-g5a2cda0630 (webtiles) character file.

Game seed: 11675913367047869028

117221 hikkokomori the Blocker (level 16, -11/146 HPs)
             Began as a Mountain Dwarf Wanderer on Apr 13, 2024.
             Was an Elder of Okawaru.
             Killed from afar by Aizul (29 damage)
             ... with a bolt of poison
             ... on level 1 of the Shoals.
             The game lasted 01:38:55 (37599 turns).

hikkokomori the Blocker (Mountain Dwarf Wanderer)  Turns: 37599, Time: 01:38:56

Health: -11/146    AC: 16    Str: 18    XL:     16   Next: 22%
Magic:  25/25      EV: 18    Int: 15    God:    Okawaru [****..]
Gold:   1231       SH: 27    Dex: 13    Spells: 19/31 levels left

rFire   . . .        c - +6 dagger of Sunlight {elec, Dex+3}
rCold   + + .        j - +2 tower shield
rNeg    . . .        u - +2 leather armour {rC+}
rPois   .            w - +2 helmet "Fiorreca" {Will+ Str+3}
rElec   .            (no cloak)
rCorr   .            s - +0 pair of gloves
SInv    +            U - +3 pair of seven-league boots {Rampage+∞}
Will    +++..        E - amulet of reflection
Stlth   ++++         i - +5 ring of evasion
HPRegen 0.00/turn    R - ring "Unlos" {rC+ Will+ Int-3 SInv Clar}
MPRegen 0.19/turn

%: reflection, clarity, rampage+∞
@: lethally poisoned (-11 -> -38), heroic, inhibited regen
A: runic magic, artefact enchanting, clumsy 1, low MP 1, inhibited regeneration,
inability to drink after injury 1
a: Renounce Religion, Heroism, Finesse


You were on level 1 of the Shoals.
You worshipped Okawaru.
Okawaru was greatly pleased with you.
You visited 7 branches of the dungeon, and saw 27 of its levels.
You visited the Abyss 1 time.
You also visited: Sewer.

You collected 2305 gold pieces.
You spent 1074 gold pieces at shops.

Inventory:

Hand Weapons
 c - the +6 dagger of Sunlight (weapon) {elec, Dex+3}
   (You found it on level 3 of the Dungeon)

   Dex+3:     It affects your dexterity (+3).
 V - the +5 falchion "Bosma" {venom, rC+ Str+4 SInv}
   (Okawaru gifted it to you on level 3 of the Lair of Beasts)

   Str+4:     It affects your strength (+4).
   rC+:       It protects you from cold.
   SInv:      It lets you see invisible.
Missiles
 d - 3 javelins
 l - 2 throwing nets
 v - 13 curare-tipped darts
 H - 20 boomerangs
 O - 3 atropa-tipped darts
Armour
 j - a +2 tower shield (worn)
 s - a +0 pair of gloves (worn)
 u - a +2 leather armour of cold resistance (worn)
 w - the +2 helmet "Fiorreca" (worn) {Will+ Str+3}
   (You bought it in a shop on level 1 of the Dungeon)

   Str+3:     It affects your strength (+3).
   Will+:     It increases your willpower.
 F - the +1 leather armour "Jotit" {Rampage +Inv Str+5}
   (You found it on level 7 of the Dungeon)

   Str+5:     It affects your strength (+5).
   +Inv:      It lets you turn invisible.
   Rampage:   It bestows one free step when moving towards enemies.
 U - the +3 pair of seven-league boots (worn) {Rampage+∞}
   (You found it on level 2 of the Lair of Beasts)

   Rampage+∞: When moving toward enemies, its wearer moves as far as possible,
   alerting their target en route.
Magical Staves
 A - a staff of alchemy
Jewellery
 i - a +5 ring of evasion (left hand)
 o - an amulet of the acrobat
 E - an amulet of reflection (around neck)
 I - a +6 ring of intelligence
 R - the ring "Unlos" (right hand) {rC+ Will+ Int-3 SInv Clar}
   (You bought it in a shop on level 14 of the Dungeon)

   [ring of willpower]

   Int-3:     It affects your intelligence (-3).
   rC+:       It protects you from cold.
   Will+:     It increases your willpower.
   SInv:      It lets you see invisible.
   Clar:      It protects you from confusion, rage, mesmerisation and fear.
 S - an amulet of magic regeneration
Wands
 b - a wand of digging (4)
 k - a wand of paralysis (8)
 t - a wand of mindburst (8)
 x - a wand of polymorph (5)
 z - a wand of iceblast (4)
 G - a wand of light (2)
 M - a wand of flame (6)
Scrolls
 a - 3 scrolls of blinking
 g - 3 scrolls of teleportation
 m - a scroll of enchant armour
 q - 2 scrolls of immolation
 r - a scroll of enchant weapon
 y - 2 scrolls of fog
 C - 3 scrolls of brand weapon
 J - 2 scrolls of identify
 K - 2 scrolls of revelation
 N - 7 scrolls of poison
 P - 6 scrolls of vulnerability
 X - 2 scrolls of silence
 Z - a scroll of fear
Potions
 e - a potion of lignification
 f - 5 potions of brilliance
 h - 4 potions of heal wounds
 n - 2 potions of curing
 p - a potion of enlightenment
 B - 2 potions of haste
 D - a potion of resistance
 L - a potion of cancellation
 Q - 6 potions of attraction
 T - a potion of berserk rage
 W - 3 potions of might
Miscellaneous
 Y - a condenser vane


   Skills:
 - Level 14.0(19.0) Fighting
 - Level 6.0(11.0) Short Blades
 - Level 4.0(9.0) Polearms
 - Level 2.0(7.0) Throwing
 - Level 6.0(11.0) Armour
 - Level 4.0(9.0) Dodging
 - Level 5.0(10.0) Stealth
 - Level 14.0(19.0) Shields
 - Level 8.0 Spellcasting
 - Level 6.0 Conjurations
 + Level 4.8 Translocations
 - Level 6.0 Ice Magic
 - Level 5.0 Air Magic
 - Level 3.0 Alchemy
 - Level 11.0 Invocations
 - Level 11.0 Evocations


You had 19 spell levels left.
You knew the following spells:

 Your Spells              Type           Power      Damage    Failure   Level
a - Apportation           Tloc           40%        N/A       3%          1
b - Mephitic Cloud        Conj/Alch/Air  19%        N/A       12%         3
c - Freezing Cloud        Conj/Ice/Air   11%        6-21      56%         5
d - Maxwell's Portable P  Tloc           20%        2d(7-19)  11%         3

Your spell library contained the following spells:

 Spells                   Type           Power      Damage    Failure   Level
 Static Discharge         Conj/Air       44%        3-5/arc   4%          2
 Foxfire                  Conj/Fire      60%        2x1d7     8%          1
 Mercury Vapours          Alch/Air       36%        N/A       8%          2
 Swiftness                Air            21%        N/A       10%         3
 Ensorcelled Hibernation  Hex/Ice        30%        N/A       11%         2
 Teleport Other           Tloc           20%        N/A       11%         3
 Iskenderun's Mystic Bla Conj/Tloc 22%            2d6        (+2d3     26%         4
 Volatile Blastmotes      Fire/Tloc      26%        2d12      28%         3
 Airstrike                Air            10%        2d(2-18)  32%         4
 Vhi's Electric Charge    Tloc/Air       40%        N/A       32%         4
 Passwall                 Erth           6%         N/A       58%         3
 Arcjolt                  Conj/Air       11%        1d21      58%         5
 Dimensional Bullseye     Hex/Tloc       6%         N/A       67%         4
 Anguish                  Hex/Necr       3%         N/A       94%         4
 Cause Fear               Hex            3%         N/A       94%         4
 Dispersal                Tloc           10%        N/A       99%         6
 Gell's Gavotte           Tloc           10%        2d(16-23) 99%         6
 Bombard                  Conj/Erth      7%         9d2       100%        6
 Plasma Beam              Fire/Air       6%         2x1d17    100%        6
 Starburst                Conj/Fire      7%         6d4       100%        6
 Enfeeble                 Hex            3%         N/A       100%        7
 Maxwell's Capacitive Co  Air            10%        ∞         100%        8
 Tukima's Dance           Hex            Unusable   N/A       N/A         3
 Summon Lightning Spire   Summ/Air       Unusable   N/A       N/A         4

Dungeon Overview and Level Annotations

Branches:
Dungeon (15/15)            Temple (1/1) D:7            Lair (5/5) D:8
 Shoals (2/4) Lair:2        Snake (1/4) Lair:2        Slime (0/5) Lair:4
    Orc (2/2) D:11            Elf (1/3) Orc:2        Vaults (0/5) D:13
 Depths (0/4) D:15          Sewer (visited)

Altars:
Ashenzari
Cheibriados
Dithmenos
Elyvilon
Fedhas
Gozag
Hepliaklqana
Kikubaaqudgha
Makhleb
Nemelex Xobeh
Okawaru
Qazlal
Ru
Sif Muna
Trog
Uskayaw
Vehumet
Wu Jian
Xom
Yredelemnul
Zin
The Shining One
Beogh

Shops:
D:1 *::*   D:14 *   Orc:1 ?   Orc:2 (:![

Annotations:
Lair:1 exclusion: 3 oklob plants
Shoals:1 Aizul


Innate Abilities, Weirdness & Mutations

Your spellcasting is much less encumbered by armour.
You can use scrolls of enchantment on lesser artefacts.
You are clumsy. (Dex -2)
Your magical capacity is low. (-10% MP)
You do not regenerate when monsters are visible.
You occasionally lose the ability to drink potions when taking damage.


Message History

Aizul hits you.
You miss Aizul.
Aizul is severely wounded.
You feel very sick. Aizul closely misses you.
You puncture Aizul! Lightning courses through Aizul!
Aizul is almost dead.
You feel sick. You block Aizul's attack.
You hit Aizul but do no damage.
Aizul is almost dead.
You feel very sick. Aizul hits you!
You barely miss Aizul.
Aizul is almost dead.
You feel sick.
You hit Aizul but do no damage.
Aizul is almost dead.
You feel sick. Aizul casts a spell at you.
You block the poison arrow... and reflect it back!
The poison arrow misses Aizul.
The poison arrow hits the plant!
The plant partially resists.
The plant is poisoned.
The plant begins to die.
You puncture Aizul!
Aizul is almost dead.
You feel sick. You block Aizul's attack.
You hit Aizul but do no damage.
Aizul is almost dead.
You feel sick. You block Aizul's attack.
You barely miss Aizul.
Aizul is almost dead.
You feel sick. Aizul casts a spell at you. The bolt of poison hits you!!
You are more poisoned.
* * * LOW HITPOINT WARNING * * *
You feel better. Aizul casts a spell at you. The bolt of poison hits you!!
You are lethally poisoned!
You die...

≈≈≈≈≈≈~~~~~...#..~~~≈≈≈
≈≈≈≈≈≈~~~~~...#..~~~≈≈≈
~~~~~~~~~~~~....~~~~PP≈
~.~~~~~~~~.~...[~~~~~~~
~~~............~~....~
~~~...........~~....P.
~~......###......##...
~........###....## ~
~~......=.###...@###..P~
..~.......###...S../~~~~
≈≈~....#......~~~~P~PP~~
~.....###.....~~~~~~~~P~
......###...~~~~P≈≈≈~~PP
.......#.....~~≈≈≈≈≈~P..
...~....~~..~~≈≈≈≈≈P~PP.
...≈≈~~..~~~~~≈≈≈≈≈P~~.~
..≈≈~≈..~~~.~~≈≈≈≈≈~PP..


You could see Aizul (poisoned).

Vanquished Creatures
  Rupert (D:13)
  Frances (D:13)
  Kirke (D:14)
  A stone giant (D:15)
  Nessos (D:13)
  Azrael (D:14)
  A fire dragon (D:14)
  A merfolk impaler (Shoals:1)
  Fannar (D:10)
  4 vault guards (D:13)
  4 hydras
  Erolcha (D:13)
  An anaconda (Snake:1)
  A rakshasa (D:15)
  A merfolk avatar (Shoals:1)
  3 ogre magi
  4 catoblepae
  5 boulder beetles
  9 death yaks (Lair:5)
  18 two-headed ogres
  A deep troll shaman (Lair:5)
  Erica (Orc:1)
  5 centaur warriors
  A naga sharpshooter (Snake:1)
  2 orc high priests
  3 tengu warriors
  Sonja (D:13)
  Amaemon (Lair:2)
  6 skysharks
  2 sea snakes (Shoals:1)
  2 deep elf archers
  2 deep trolls (Orc:2)
  A naga ritualist (Snake:1)
  An orc knight (Orc:2)
  3 deep elf pyromancers
  A necromancer (Lair:3)
  A lindwurm (Lair:5)
  10 ugly things (D:14)
  5 cyclopes
  4 manticores
  18 elephants
  3 meliai (D:15)
  A salamander (Lair:2)
  A guardian serpent (Lair:2)
  9 black mambas
  4 kobold blastminers
  A merfolk siren (Lair:2)
  A gargoyle (D:14)
  Joseph (D:7)
  An orange demon (Lair:2)
  10 cane toads
  A yaktaur (D:15)
  9 komodo dragons
  6 rime drakes
  An efreet (D:13)
  2 kobold demonologists
  4 merfolk (Shoals:1)
  5 polar bears
  16 trolls
  A wind drake (Shoals:1)
  A hornet (D:8)
  2 blink frogs (D:8)
  3 snapping turtles (Shoals:1)
  8 dream sheep
  The ghost of Pokonic1 the Trooper, an amateur OnMo (D:3)
  An air elemental (Elf:1)
  2 slime creatures (D:13)
  2 vampires
  A shadow (D:11)
  5 wraiths
  2 water elementals
  2 wyverns
  A yak (shapeshifter) (D:15)
  A golden eye (Lair:1)
  48 yaks
  4 basilisks
  5 wargs
  4 fire elementals (D:14)
  2 hogs (D:14)
  3 humans (D:14)
  2 steam dragons
  4 vampire mosquitoes (D:13)
  2 acid dragons
  16 water moccasins
  Duvessa (D:4)
  2 hell hounds (D:14)
  23 orc warriors
  3 black bears
  A hornet zombie (D:6)
  2 ice beasts (D:6)
  2 sky beasts
  20 ogres
  The ghost of Lemonizer the Shooter, an amateur CoHs (D:3)
  16 wolves
  2 boggarts (D:11)
  13 centaurs
  A phantom (D:5)
  2 kobold brigands (D:8)
  A scorpion (D:7)
  2 wyvern zombies (D:6)
  17 bullfrogs
  5 wights
  The ghost of Pokonic1 the Trooper, a weakling OnGl (D:3)
  A burial acolyte (D:6)
  Dowan (D:4)
  A water moccasin zombie (D:6)
  9 killer bees (D:9)
  A bombardier beetle (D:5)
  An electric eel (D:15)
  7 howler monkeys
  A centaur zombie (D:6)
  4 lava snakes (Lair:2)
  A bullfrog zombie (D:6)
  7 jellies
  A human zombie (D:6)
  11 orc priests
  2 hounds (D:6)
  A bullfrog skeleton (D:6)
  2 sleepcaps
  4 iguanas
  Terence (D:2)
  17 orc wizards
  Natasha (thrice) (D:2)
  A hell rat (Sewer)
  3 polar bear simulacra (Lair:3)
  4 yak simulacra (Lair:3)
  A killer bee zombie (D:6)
  2 wolf simulacra (Lair:3)
  Robin (D:3)
  9 adders
  7 gnolls
  3 river rats
  A white imp (D:6)
  2 ufetubi (D:5)
  A ribbon worm (shapeshifter) (D:14)
  5 ribbon worms
  63 orcs
  5 ball pythons
  6 endoplasms
  A giant cockroach (D:1)
  19 goblins
  8 hobgoblins
  5 jackals
  30 kobolds
  8 bats
  2 frilled lizards (D:1)
  17 rats
  2 river rat simulacra (Lair:3)
727 creatures vanquished.

Vanquished Creatures (collateral kills)
  Sigmund (D:2)
1 creature vanquished.

Vanquished Creatures (others)
  An orc wizard (Orc:1)
  2 orcs
  5 tentacles (Shoals:1)
8 creatures vanquished.

Grand Total: 736 creatures vanquished

Notes
Turn   | Place    | Note
-------+----------+-------------------------------------------
     0 | D:1      | hikkokomori the Mountain Dwarf Wanderer began the quest for
                  | the Orb.
     0 | D:1      | hikkokomori set off with the following items: a +2 spear, a
                  | +0 buckler, a scroll of summoning, a +0 robe; and the
                  | following spell memorised: Apportation; and the following
                  | spells available to memorise: Teleport Other.
     0 | D:1      | Reached XP level 1. HP: 16/16 MP: 2/2
    34 | D:1      | Found Eryomn's General Store.
   157 | D:1      | Reached XP level 2. HP: 23/23 MP: 3/3
   386 | D:1      | Found Duileocw's Book Shop.
   506 | D:1      | Found Buajo's Book Shoppe.
   553 | D:1      | Reached XP level 3. HP: 29/29 MP: 5/5
   582 | D:1      | Found Pigrenu's Assorted Antiques.
   852 | D:2      | Noticed Sigmund
   864 | D:2      | Killed Sigmund
   865 | D:2      | Reached XP level 4. HP: 31/38 MP: 5/7
   865 | D:2      | Reached XP level 5. HP: 37/45 MP: 5/8
   920 | D:2      | Found a blossoming altar of Fedhas.
  1051 | D:2      | Noticed Natasha
  1061 | D:2      | Killed Natasha
  1174 | D:2      | Noticed Natasha
  1185 | D:2      | Killed Natasha
  1385 | D:2      | Reached XP level 6. HP: 52/52 MP: 10/10
  1765 | D:2      | Noticed Terence
  1767 | D:2      | Noticed Natasha
  1804 | D:2      | Killed Terence
  1959 | D:3      | Found a glowing drain.
  1965 | D:3      | Identified the +6 dagger of Sunlight {elec, Dex+3}
  2006 | Sewer    | Entered a sewer
  2287 | D:3      | Found a runed translucent gate.
  2287 | D:3      | Found a runed translucent gate.
  2290 | D:3      | Found a runed translucent gate.
  2291 | D:3      | Noticed Pokonic1's ghost (amateur OnMo)
  2291 | D:3      | Noticed Lemonizer's ghost (amateur CoHs)
  2291 | D:3      | Noticed Pokonic1's ghost (weakling OnGl)
  2363 | D:3      | Noticed Robin
  2370 | D:3      | Killed Robin
  2720 | D:3      | Reached skill level 1 in Short Blades
  2813 | D:3      | Reached XP level 7. HP: 54/60 MP: 11/11
  2845 | D:3      | Found a faded altar of an unknown god.
  2897 | D:3      | Found a shadowy altar of Dithmenos.
  2897 | D:3      | Found a bloodstained altar of Trog.
  2898 | D:3      | Found a burning altar of Makhleb.
  3087 | D:3      | Reached skill level 1 in Evocations
  3303 | D:2      | Reached skill level 5 in Shields
  3562 | D:2      | Killed Natasha
  3815 | D:4      | Noticed Ijyb
  3821 | D:4      | Ijyb changed into Ijyb the jelly
  3821 | D:4      | Noticed Ijyb
  3825 | D:4      | Killed Ijyb the jelly
  3953 | D:4      | Noticed Dowan
  3955 | D:4      | Noticed Duvessa
  3956 | D:4      | Killed Dowan
  3963 | D:4      | Killed Duvessa
  3964 | D:4      | Reached skill level 5 in Fighting
  4250 | D:4      | Found a shimmering blue altar of Sif Muna.
  4697 | D:5      | Entered Level 5 of the Dungeon
  4836 | D:5      | Reached XP level 8. HP: 40/69 MP: 12/12
  5104 | D:5      | Found a broken altar of Ashenzari.
  5838 | D:1      | Bought an encrusted helmet for 209 gold pieces
  5838 | D:1      | Identified the +2 helmet "Fiorreca" {Will+ Str+3} (You
                  | bought it in a shop on level 1 of the Dungeon)
  6152 | D:6      | Reached skill level 5 in Evocations
  6265 | D:6      | Found an ancient bone altar of Kikubaaqudgha.
  6422 | D:6      | Reached skill level 1 in Stealth
  6545 | D:6      | Reached XP level 9. HP: 45/79 MP: 14/14
  7502 | D:7      | Identified the +1 leather armour "Jotit" {Rampage +Inv
                  | Str+5}
  7554 | D:7      | Identified the +4 whip "Eviscerator" {pain, rC+ Will+ MP+9}
  7671 | D:7      | Noticed Joseph
  7682 | D:7      | Killed Joseph
  7834 | D:7      | Found a staircase to the Ecumenical Temple.
  7854 | Temple   | Entered the Ecumenical Temple
  8100 | D:7      | Found an iron altar of Okawaru.
  8113 | D:7      | Became a worshipper of Warmaster Okawaru
  8423 | D:8      | Found a glowing silver altar of Zin.
  8432 | D:8      | Found a snail-covered altar of Cheibriados.
  8471 | D:8      | Reached skill level 5 in Invocations
  8595 | D:8      | Noticed a komodo dragon
  8602 | D:8      | Killed a komodo dragon
  8602 | D:8      | Reached * piety under Okawaru
  8603 | D:8      | Reached XP level 10. HP: 86/86 MP: 16/16
  8619 | D:8      | Noticed a cane toad
  8643 | D:8      | Found a staircase to the Lair.
  8655 | D:8      | Reached ** piety under Okawaru
  9056 | D:8      | Killed a cane toad
  9057 | D:8      | Reached skill level 5 in Spellcasting
  9104 | Lair:1   | Entered Level 1 of the Lair of Beasts
  9104 | Lair:1   | Noticed a cane toad
  9207 | Lair:1   | Killed a cane toad
 10024 | D:9      | Reached *** piety under Okawaru
 10330 | D:9      | Identified the +7 sling of Twilight {speed, rPois rN+
                  | rCorr}
 10334 | D:9      | Noticed Maggie
 10344 | D:9      | Maggie changed into Maggie the ball python
 10344 | D:9      | Noticed Maggie
 10346 | D:9      | Killed Maggie the ball python
 10747 | D:9      | Reached XP level 11. HP: 85/97 MP: 18/20
 11286 | Lair:2   | Noticed Amaemon
 11286 | Lair:2   | Noticed a skyshark
 11485 | Lair:1   | Noticed a catoblepas
 11490 | Lair:1   | Killed a catoblepas
 11491 | Lair:1   | Reached skill level 10 in Fighting
 11593 | Lair:1   | Reached skill level 5 in Short Blades
 11742 | Lair:1   | Noticed an oklob plant
 11759 | Lair:1   | Noticed an oklob plant
 11982 | Lair:1   | Reached **** piety under Okawaru
 11987 | Lair:1   | Noticed an oklob plant
 12359 | Lair:1   | Identified the +2 flail "Qaamn" {protect, Str+2 Int+2
                  | Stlth+}
 12812 | Lair:2   | Reached skill level 1 in Throwing
 13335 | Lair:2   | Found a staircase to the Shoals.
 13374 | Lair:2   | Reached ***** piety under Okawaru
 13435 | Lair:2   | Killed a skyshark
 13436 | Lair:2   | Reached XP level 12. HP: 74/110 MP: 19/21
 13445 | Lair:2   | Killed Amaemon
 13819 | Lair:2   | Reached skill level 10 in Shields
 14249 | Lair:2   | Noticed a five-headed hydra
 14258 | Lair:2   | Killed a five-headed hydra
 14308 | Lair:2   | Noticed a boulder beetle
 14354 | Lair:2   | Killed a boulder beetle
 14752 | Lair:2   | Found the +3 pair of seven-league boots {Rampage+∞}
 14919 | Lair:2   | Found a staircase to the Snake Pit.
 15651 | Lair:3   | Reached skill level 1 in Armour
 15836 | Lair:3   | Received a gift from Okawaru
 16156 | Lair:3   | Reached ****** piety under Okawaru
 16157 | Lair:3   | Reached XP level 13. HP: 105/118 MP: 22/22
 16162 | Lair:3   | Acquired the +5 falchion "Bosma" {venom, rC+ Str+4 SInv}
 16162 | Lair:3   | Received a gift from Okawaru
 16168 | Lair:3   | Learned a level 3 spell: Mephitic Cloud
 16174 | Lair:3   | Learned a level 5 spell: Freezing Cloud
 16895 | Lair:4   | Reached skill level 1 in Conjurations
 17134 | Lair:4   | Found a staircase to the Slime Pits.
 17139 | Lair:4   | Reached skill level 1 in Air Magic
 17356 | Lair:4   | Received a gift from Okawaru
 17797 | Lair:5   | Entered Level 5 of the Lair of Beasts
 18486 | Lair:5   | Reached skill level 1 in Dodging
 18895 | Lair:5   | Received a gift from Okawaru
 19013 | Lair:5   | Reached skill level 5 in Conjurations
 20239 | Lair:5   | Reached skill level 1 in Alchemy
 20239 | Lair:5   | Reached XP level 14. HP: 86/126 MP: 21/23
 20298 | Lair:5   | Reached skill level 5 in Air Magic
 20580 | Lair:5   | Identified the +7 shortbow "Ebrih" {flame, rF+ rC+ rN+
                  | Will-}
 20802 | D:10     | Entered Level 10 of the Dungeon
 20825 | D:10     | Received a gift from Okawaru
 21060 | D:10     | Noticed Fannar
 21085 | D:10     | Killed Fannar
 21474 | D:10     | Gained mutation: You occasionally lose the ability to drink
                  | potions when taking damage. [a neqoxec]
 21479 | D:10     | Gained mutation: You have hidden genetic defects. [a
                  | neqoxec]
 21961 | D:11     | Reached skill level 5 in Armour
 22546 | D:11     | Found a staircase to the Orcish Mines.
 24085 | D:3      | Killed Pokonic1's ghost
 24096 | D:3      | Killed Pokonic1's ghost
 24109 | D:3      | Killed Lemonizer's ghost
 24363 | D:13     | Gained mutation: You do not regenerate when monsters are
                  | visible. [hidden defects]
 24382 | D:13     | Noticed Erolcha
 24386 | D:13     | Killed Erolcha
 24451 | D:13     | Found a gate to the Vaults.
 24542 | D:13     | Noticed Frances
 24580 | D:13     | Killed Frances
 24622 | D:13     | Noticed Nessos
 24626 | D:13     | Killed Nessos
 25030 | D:13     | Reached skill level 10 in Evocations
 25048 | D:13     | Gained mutation: You are clumsy. (Dex -2) [hidden defects]
 25048 | D:13     | Lost mutation: You have hidden genetic defects. [hidden
                  | defects expressed]
 25610 | D:13     | Learned a level 3 spell: Maxwell's Portable Piledriver
 25881 | D:13     | Noticed Sonja
 25892 | D:13     | Killed Sonja
 25947 | D:13     | Noticed Rupert
 25983 | D:13     | Killed Rupert
 25984 | D:13     | Reached skill level 1 in Ice Magic
 26440 | D:14     | Found Hoegury's Clear Minds Boutique.
 26508 | D:14     | Noticed Kirke
 26528 | D:14     | Reached XP level 15. HP: 86/134 MP: 27/27
 26553 | D:14     | Killed Kirke
 26553 | D:14     | Received a gift from Okawaru
 26891 | D:14     | Noticed Azrael
 26902 | D:14     | Killed Azrael
 28525 | D:14     | Bought the ring "Unlos" {rC+ Will+ Int-3 SInv Clar} for 865
                  | gold pieces
 28557 | D:15     | Entered Level 15 of the Dungeon
 29454 | D:15     | Found a staircase to the Depths.
 30207 | D:15     | Found a white marble altar of Elyvilon.
 30638 | Orc:1    | Entered Level 1 of the Orcish Mines
 30638 | Orc:1    | Found Moonoiq's Magic Scroll Boutique.
 30903 | Orc:2    | Entered Level 2 of the Orcish Mines
 30903 | Orc:2    | Found a roughly hewn altar of Beogh.
 31459 | Orc:2    | Gained mutation: Your magical capacity is low. (-10% MP) [a
                  | neqoxec]
 31767 | Orc:2    | Reached skill level 5 in Stealth
 32060 | Orc:2    | Reached skill level 10 in Invocations
 32066 | Orc:2    | Received a gift from Okawaru
 32089 | Orc:2    | Reached skill level 5 in Ice Magic
 32356 | Orc:2    | Found Diupymuc's Armour Emporium.
 32357 | Orc:2    | Found Ibbudou's Distillery.
 32362 | Orc:2    | Found Deic's Book Boutique.
 32371 | Orc:2    | Found Uderilasoy's Weapon Emporium.
 32502 | Orc:1    | Noticed Erica
 32549 | Orc:2    | Found a staircase to the Elven Halls.
 32781 | Elf:1    | Entered Level 1 of the Elven Halls
 32786 | Elf:1    | Paralysed by an air elemental for 1 turns
 32790 | Elf:1    | Paralysed by an air elemental for 1 turns
 32791 | Arena    | Entered the Arena
 32815 | Elf:1    | Paralysed by an air elemental for 1 turns
 33454 | Orc:1    | Killed Erica
 33457 | Abyss:2  | Cast into level 2 of the Abyss (orc warrior)
 33479 | Orc:1    | Escaped the Abyss
 33481 | Orc:1    | Reached XP level 16. HP: 130/144 MP: 22/25
 34210 | Snake:1  | Entered Level 1 of the Snake Pit
 35146 | Shoals:1 | Entered Level 1 of the Shoals
 35594 | Shoals:1 | Received a gift from Okawaru
 35908 | Shoals:1 | HP: 7/145 [poisoned by a sea snake]
 36865 | Shoals:1 | Noticed a kraken
 37573 | Shoals:1 | Identified the serpent talisman of the Sea {rC+ rN+ SInv}
 37573 | Shoals:1 | Noticed Aizul
 37599 | Shoals:1 | Killed from afar by Aizul

Illustrated notes

Levels and vault maps discovered:
D:1:      dreamdust_arrival_sigmund_warning, layout_rooms, serial_shops, shop,
          shop, shop, nicolae_diamond_shop, lexackson_kobold_supper
D:2:      layout_basic, basic_altar, uniq_terence, uniq_sigmund, uniq_natasha
D:3:      layout_loops_ring, minitemple, shapermc_ecumenical_altar_acropolis,
          gammafunk_ghost_cemetery, cheibrodos_sewer_entry_bend, uniq_robin
D:4:      layout_basic, general_overflow_altar, kennysheep_cluttered_room,
          minmay_pentangle, uniq_duvessa, uniq_ijyb
D:5:      layout_cave_pods, nicolae_ashenzari_skybound,
          chequers_serial_rivers_micro_a
D:6:      layout_loops_ring, lemuel_mausoleum_altar_kikubaaqudgha
D:7:      layout_loops_ring, okawaru_ov_weapons_minmay,
          minmay_temple_entry_crystal_x, uniq_joseph
D:8:      layout_gridville, mainiacjoe_overflow_swirl, dpeg_lair_monsters
D:9:      layout_loops_corners, minivault_24, uniq_maggie
D:10:     layout_loops_ring, serial_co_window_serial,
          co_window_of_opportunity_a, co_window_corner_a, co_window_corner_a,
          co_window_paths_b, co_window_corner_a, co_window_broadway_b,
          co_window_corner_ca, co_window_2corner, co_window_corner_b,
          co_window_unsneaky_path_c, co_window_of_opportunity_c,
          glass_columns_b, uniq_fannar
D:11:     layout_rooms, david_orc_1_choice, minmay_strange_pillars,
          nicolae_phantomly_mirrored
D:12:     layout_gridville, hangedman_decor_push
D:13:     layout_basic, lightli_vaults_fourway_checkpoint,
          chequers_serial_rivers_micro_e, hangedman_abyss_or_decor_stabs,
          uniq_rupert, uniq_sonja, uniq_erolcha, uniq_frances, uniq_nessos
D:14:     layout_loops_ring, minmay_misc_feat_five, kennysheep_nondescript,
          nicolae_clarity_for_sale, uniq_azrael, uniq_kirke
D:15:     grunt_enter_depths_snipers, layout_basic, nicolae_elyvilon_temple_path
Temple:   nicolae_temple_god_jail
Lair:1:   layout_loops_ring, disabler_island
Lair:2:   layout_cave_pods, minmay_shoals_entry_lonely_mermaid,
          nicolae_snake_entry_warm_welcome,
          hellmonk_guarded_unrand_seven_league_boots, uniq_amaemon
Lair:3:   layout_roguey, minivault_23, st_stairs_8, eino_house_with_fridge,
          grunt_megastairs_3, lemuel_fruit_fields
Lair:4:   layout_layer_cave, slime_entry_2, serial_bayou_shore_a
Lair:5:   grunt_lair_end_beastmaster, layout_hall_layers,
          chequers_serial_rivers_large_b
Shoals:1: layout_shoals, uniq_aizul
Shoals:2: layout_shoals, gammafunk_ghost_arena,
          nicolae_shoals_stone_sculpture_thing
Snake:1:  layout_gridlike
Orc:1:    layout_caves, serial_shops, shop, uniq_erica
Orc:2:    st_orc_open, layout_diamond_mine, basic_altar, nicolae_orc_minecarts
Elf:1:    layout_geoelf_grid, basic_altar, regret_index_elf_centigrade

Skill      XL: |  1  2  3  4  5  6  7  8  9 10 11 12 13 14 15 16 |
---------------+-------------------------------------------------+-----
Translocations | 2 3 4 |  4.8
Fighting       | 3 4 5 7 9 11 12 13 14 | 14.0
Shields        | 3 4 5 7 9 12 13 14 | 14.0
Spellcasting   | 2 3 4 6 8 |  8.0
Short Blades   | 1 2 3 6 |  6.0
Evocations     | 3 6 9 11 | 11.0
Stealth        | 1 3 5 |  5.0
Invocations    | 6 8 10 11 | 11.0
Throwing       | 2 |  2.0
Armour         | 3 4 6 |  6.0
Conjurations   | 5 6 |  6.0
Air Magic      | 4 5 |  5.0
Dodging        | 3 4 |  4.0
Alchemy        | 1 3 |  3.0
Ice Magic      | 2 5 6 |  6.0
Polearms       | |  4.0

Action                     |  1- 3 |  4- 6 |  7- 9 | 10-12 | 13-15 | 16-18 || total
---------------------------+-------+-------+-------+-------+-------+-------++-------
  Melee: Spear             |    87 |   124 |       |       |       |       ||   211
         Dagger            |       |   123 |   402 |   929 |  2641 |   450 ||  4545
  Throw: Throwing net      |       |     1 |       |       |       |       ||     1
         Dart              |       |       |       |       |       |     4 ||     4
   Cast: Apportation       |     1 |       |       |       |       |       ||     1
         Mephitic Cloud    |       |       |       |       |     9 |       ||     9
 Invoke: Heroism           |       |       |       |    16 |    38 |     4 ||    58
         Finesse           |       |       |       |       |     2 |       ||     2
         Receive Weapon    |       |       |       |       |     1 |       ||     1
         Duel              |       |       |       |       |     1 |       ||     1
  Evoke: Wand              |       |       |    16 |    31 |    27 |    13 ||    87
         Condenser vane    |       |       |       |       |     1 |       ||     1
    Use: Scroll            |     1 |     5 |    10 |     4 |    11 |     1 ||    32
         Potion            |       |     1 |       |     2 |     4 |     4 ||    11
   Stab: Sleeping          |     1 |     1 |     4 |     7 |     2 |     1 ||    16
         Paralysed         |       |       |       |     1 |       |       ||     1
         Confused          |       |       |       |       |     9 |       ||     9
         Invisible         |       |       |       |       |     1 |     1 ||     2
         Petrified         |       |       |       |       |     1 |       ||     1
 Armour: Robe              |    32 |    21 |       |       |       |       ||    53
         Leather armour    |       |    73 |   160 |   287 |   692 |   124 ||  1336
         Skin              |       |     1 |       |       |       |       ||     1
  Dodge: Dodged            |    23 |   143 |   202 |   255 |   540 |   103 ||  1266
  Block: Buckler           |     9 |    37 |    94 |   164 |       |       ||   304
         Reflection        |       |       |     3 |    10 |    61 |    23 ||    97
         Tower shield      |       |       |       |   759 |  3070 |   639 ||  4468

Table legend: (Time is in decaauts)
 A = Elapsed time spent in this place.
 B = Non-inter-level travel time spent in this place.
 C = Inter-level travel time spent in this place.
 D = Time resting spent in this place.
 E = Time spent auto-exploring this place.
 F = Levels seen in this place.
 G = Mean time per level.
                   A        B        C        D        E       F      G
               +--------+--------+--------+--------+--------+-----+--------+
         Total |  36920 |  35200 |   1720 |   3156 |  24423 |  30 | 1230.7 |
       Dungeon |  20255 |  18808 |   1447 |   1022 |  13940 |  15 | 1350.3 |
        Temple |     68 |     54 |     14 |      0 |      0 |   1 |   68.0 |
          Lair |  10634 |  10399 |    235 |    935 |   7328 |   5 | 2126.8 |
        Shoals |   2429 |   2429 |      0 |    491 |   1479 |   2 | 1214.5 |
     Snake Pit |     59 |     59 |      0 |      0 |      0 |   1 |   59.0 |
  Orcish Mines |   3221 |   3200 |     21 |    708 |   1582 |   2 | 1610.5 |
   Elven Halls |     32 |     32 |      0 |      0 |      0 |   1 |   32.0 |
         Abyss |     21 |     21 |      0 |      0 |      0 |   1 |   21.0 |
         Sewer |    178 |    178 |      0 |      0 |     93 |   1 |  178.0 |
         Arena |     18 |     18 |      0 |      0 |      0 |   1 |   18.0 |
               +--------+--------+--------+--------+--------+-----+--------+

Top non-repeatable levels by time:
  Lair:2: 3187 daAuts
  Lair:5: 2672 daAuts
Shoals:1: 2361 daAuts
  Lair:1: 2287 daAuts
    D:13: 2220 daAuts
    D:14: 2059 daAuts
   Orc:2: 1952 daAuts
    D:15: 1814 daAuts
     D:3: 1613 daAuts
     D:2: 1537 daAuts
     D:8: 1486 daAuts
  Lair:3: 1305 daAuts
     D:9: 1284 daAuts
   Orc:1: 1269 daAuts
     D:6: 1225 daAuts
